 Dungeon Crawl Stone Soup version 0.31.0-32-g396128a36d (webtiles) character file.

Game seed: 1966806223869681161

8288 spaghetti the Spear-Bearer (level 11, -6/111 HPs)
             Began as an Oni Chaos Knight on Mar 10, 2024.
             Was a Plaything of Xom.
             Killed by divine providence
             ... invoked by an orc priest
             ... summoned by Xom
              (15 damage)
             ... on level 10 of the Dungeon.
             The game lasted 00:15:08 (10299 turns).

spaghetti the Spear-Bearer (Oni Chaos Knight)      Turns: 10299, Time: 00:15:09

Health: -6/111     AC: 10    Str: 22    XL:     11   Next: 28%
Magic:  33/33      EV:  9    Int: 16    God:    Xom [......]
Gold:   543        SH:  0    Dex: 13    Spells: 17/29 levels left

rFire   . . .        d - +6 scythe (venom)
rCold   . . .        (shield currently unavailable)
rNeg    . . .        q - +1 acid dragon scales
rPois   .            (helmet restricted)
rElec   .            m - +1 cloak
rCorr   +            (gloves unavailable)
SInv    .            (boots unavailable)
Will    +....        e - amulet of faith
Stlth   +            l - ring of magical power
HPRegen 0.38/turn    j - +6 ring of dexterity
MPRegen 0.23/turn

%: random rage (9%), faith
@: lethally poisoned (-6 -> -8), weakened, on berserk cooldown, slowed, very
slow
A: large, unfitting armour, horns 2, tough skin 1, double potion healing,
drunken brawling, hooves 1, berserk 2, mutation resistance 1, strong 1,
inability to drink after injury 1
a: Renounce Religion


You were on level 10 of the Dungeon.
You worshipped Xom.
You were a very special plaything of Xom.
You visited 1 branch of the dungeon, and saw 10 of its levels.

You collected 587 gold pieces.
You spent 44 gold pieces at shops.

Inventory:

Hand Weapons
 a - a +0 spear of chaos
 d - a +6 scythe of venom (weapon)
Missiles
 p - a throwing net (quivered)
 v - 29 stones
Armour
 b - a +2 robe
 m - a +1 cloak (worn)
 q - +1 acid dragon scales (worn)
Jewellery
 e - an amulet of faith (around neck)
 f - a ring of protection from fire
 j - a +6 ring of dexterity (right hand)
 l - a ring of magical power (left hand)
Wands
 g - a wand of mindburst (25)
 x - a wand of charming (3)
 y - a wand of iceblast (8)
Scrolls
 h - 2 scrolls of vulnerability
 k - 4 scrolls of noise
 n - 2 scrolls of immolation
Potions
 c - a potion of cancellation
 o - a potion of attraction
 r - a potion of enlightenment
Miscellaneous
 i - a condenser vane (inert)


   Skills:
 + Level 7.9 Fighting
 - Level 14.0 Polearms
 - Level 2.1 Dodging
 - Level 9.7 Spellcasting


You had 17 spell levels left.
You knew the following spells:

 Your Spells              Type           Power      Damage    Failure   Level
a - Summon Ice Beast      Ice/Summ       7%         N/A       34%         3
b - Summon Mana Viper     Hex/Summ       7%         N/A       97%         5
c - Martyr's Knell        Necr/Summ      7%         N/A       75%         4

Your spell library contained the following spells:

 Spells                   Type           Power      Damage    Failure   Level
 Freeze                   Ice            28%        1d5       12%         1
 Frozen Ramparts          Ice            14%        1d3       34%         3
 Gell's Gravitas          Tloc           7%         N/A       34%         3
 Hailstorm                Conj/Ice       7%         3d5       34%         3
 Teleport Other           Tloc           7%         N/A       34%         3
 Sticky Flame             Fire/Alch      7%         2d4       75%         4
 Summon Blazeheart Golem  Fire/Summ      7%         N/A       75%         4
 Alistair's Intoxication  Alch           4%         N/A       97%         5
 Yara's Violent Unravell  Hex/Alch       3%         3d4       97%         5
 Dispersal                Tloc           3%         N/A       100%        6
 Monstrous Menagerie      Summ           3%         N/A       100%        7


Dungeon Overview and Level Annotations

Branches:
Dungeon (10/15)            Temple (0/1) D:4            Lair (0/5) D:10
    Orc (0/2) D:10

Altars:
Ashenzari
Fedhas
Hepliaklqana
Makhleb
Qazlal
Trog
Xom
The Shining One

Shops:
D:2 ?


Innate Abilities, Weirdness & Mutations

You are too large for most types of armour.
You have a pair of horns on your head.
You have tough skin. (AC +1)
You gain doubled healing and magic from potions.
Whenever you drink a healing potion, you attack all around you.
You have large cloven feet.
You have an uncontrollable temper.
You are somewhat resistant to further mutation.
Your muscles are strong. (Str +4, Int/Dex -1)
You occasionally lose the ability to drink potions when taking damage.


Message History

The gnoll bouda completely misses your killer bee.
Your killer bee stings the gnoll bouda.
The killer bee misses you.
The gnoll bouda prays to its god.
The gnoll bouda is healed somewhat.
Your killer bee stings the gnoll bouda.
The killer bee stings you.
* * * LOW HITPOINT WARNING * * *
You are more poisoned.
The killer bee poisons you!
Aiming: Charm
Press: ? - help, Shift-Dir - straight line, f - killer bee, p - killer bee
Aim: a killer bee (summoned, chance to affect: 57%)
The killer bee is charmed.
You feel very sick.
Your killer bee misses the gnoll bouda.
Your killer bee stings the gnoll bouda!
The gnoll bouda gazes fiercely through your killer bee!
Your killer bee looks weaker.
The gnoll bouda misses your killer bee.
Your killer bee stings the gnoll bouda.
The gnoll bouda dies!
Something hits your killer bee.
Your Polearms skill increases to level 14!
You are quite poisoned (13 -> 7).
Your attacks are enfeebled.
You are unable to berserk.
You are slowed.
Your movement speed is very slow.
Your attack delay is about 1.2.
Your damage rating with your +6 scythe of venom is about 30 (Base 13 x 130% (Str) x 145% (Skill) + 6 (Ench)).
Your base attributes are Str 18, Int 17, Dex 8.
Okay, then.
You feel very sick. The killer bee stings your killer bee.
The killer bee closely misses your killer bee.
Your killer bee stings the killer bee.
The killer bee is poisoned.
Your killer bee poisons the killer bee!
The orc priest misses your killer bee.
Something closely misses your killer bee.
The killer bee stings your killer bee!
Your killer bee dies!
Your killer bee's corpse disappears in a puff of smoke!
You feel sick.
Your killer bee disappears in a puff of smoke!
The orc priest invokes the aid of Xom against you.
Xom smites you!
You die...

...._......# ###
....[yy..).## # #..!
#yy......#
#.#.##.######?y...#
.#.......o†h..#
>....##.o##....##
#.#####..##.##.# ##
#####.##.y§..........
##..
...#..@.##..##.##.#.#
.....##.#.#####.......
...
#............###.###
## ####.#.####### .#
#.####.#.####
#...........## #.
######.......# #...
##########...<....#
#...
#........##........#
#...


You could see a killer bee (summoned, very poisoned) and an orc priest
(summoned).

Vanquished Creatures
  2 nameless horrors
  Erica (D:10)
  Maggie (D:7)
  Sigmund (D:2)
  A wyvern (D:9)
  A wraith (D:10)
  Eustachio (D:5)
  Grum (D:9)
  15 yaks
  A warg (D:10)
  A water moccasin (D:7)
  2 ice beasts (D:5)
  3 black bears
  2 orc warriors
  5 ogres
  5 wolves
  2 phantoms
  2 centaurs
  2 kobold brigands (D:7)
  A bullfrog (D:10)
  2 gnoll sergeants
  5 scorpions
  A killer bee (D:10)
  2 bombardier beetles
  5 hounds
  6 gnoll boudas (D:7)
  5 orc priests
  3 sleepcaps
  5 iguanas
  9 orc wizards
  20 gnolls
  An adder (D:5)
  A shadow imp (D:7)
  4 white imps
  A dart slug (D:3)
  A ribbon worm (D:3)
  35 orcs
  7 ball pythons
  4 bats
  4 endoplasms
  3 giant cockroaches
  10 goblins
  5 hobgoblins
  2 frilled lizards
  6 kobolds
  3 rats
200 creatures vanquished.

Vanquished Creatures (collateral kills)
  A yak (D:9)
  3 water moccasins (D:10)
  A centaur (D:8)
  A gnoll bouda (D:10)
  A gnoll (D:8)
  5 orcs
  A quokka (D:3)
13 creatures vanquished.

Vanquished Creatures (others)
  An orc wizard (D:10)
1 creature vanquished.

Grand Total: 214 creatures vanquished

Notes
Turn   | Place    | Note
-------+----------+-------------------------------------------
     0 | D:1      | spaghetti the Oni Chaos Knight began the quest for the Orb.
     0 | D:1      | Reached XP level 1. HP: 24/24 MP: 1/1
   288 | D:1      | Reached XP level 2. HP: 33/33 MP: 2/2
   407 | D:1      | Reached skill level 5 in Fighting
   505 | D:1      | XOM is BORED!
   505 | D:1      | XOM: silly message
   508 | D:1      | XOM: silly message
   788 | D:2      | XOM: silly message
   811 | D:2      | Found Zofab's Magic Scroll Emporium.
   816 | D:2      | Bought a scroll of identify for 22 gold pieces
   817 | D:2      | Bought a scroll of identify for 22 gold pieces
   858 | D:2      | Noticed Sigmund
   924 | D:2      | XOM: enchant monster (good)
   939 | D:2      | Killed Sigmund
   940 | D:2      | Reached XP level 3. HP: 48/48 MP: 3/3
   940 | D:2      | Reached XP level 4. HP: 57/57 MP: 4/4
   940 | D:2      | Reached XP level 5. HP: 63/63 MP: 5/5
  1112 | D:2      | XOM: confuse monster(s)
  1323 | D:2      | Reached skill level 4 in Polearms
  1323 | D:2      | Reached XP level 6. HP: 57/72 MP: 6/6
  1334 | D:2      | XOM: give mutations
  1334 | D:2      | Gained mutation: You are resistant to electric shocks.
                  | (rElec) [Xom's grace]
  1334 | D:2      | Gained mutation: You have hidden genetic potential. [Xom's
                  | grace]
  1334 | D:2      | Gained mutation: You have a pair of horns on your head.
                  | [Xom's grace]
  1334 | D:2      | Lost mutation: You have hidden genetic potential. [Xom's
                  | grace]
  1334 | D:2      | Gained mutation: You are somewhat resistant to further
                  | mutation. [Xom's grace]
  1499 | D:2      | XOM: 7-stop teleportation journey
  1774 | D:3      | XOM: god gift: condenser vane
  1811 | D:3      | Found a glowing golden altar of the Shining One.
  1841 | D:3      | XOM: give mutations
  1841 | D:3      | Gained mutation: Your mind is acute. (Int +4, Str/Dex -1)
                  | [Xom's mischief]
  1841 | D:3      | Gained mutation: You are clumsy. (Dex -2) [Xom's mischief]
  1841 | D:3      | Lost mutation: You are somewhat resistant to further
                  | mutation. [Xom's mischief]
  1841 | D:3      | Lost mutation: You are clumsy. (Dex -2) [Xom's mischief]
  1933 | D:3      | XOM: summons friendly iron imp
  1936 | D:3      | XOM: 2-stop teleportation journey
  2102 | D:3      | You fall into a shaft and drop 2 floors!
  2102 | D:5      | Entered Level 5 of the Dungeon
  2106 | D:5      | XOM: give mutation
  2106 | D:5      | Gained mutation: Your mind is very acute. (Int +8, Str/Dex
                  | -2) [Xom's mischief]
  2148 | D:5      | Noticed an ice beast
  2160 | D:5      | Killed an ice beast
  2161 | D:5      | Reached skill level 5 in Polearms
  2161 | D:5      | Reached XP level 7. HP: 63/79 MP: 7/7
  2180 | D:5      | XOM: god gift: rapier {god gift}
  2315 | D:5      | Reached skill level 6 in Polearms
  2373 | D:5      | XOM: silly message
  2384 | D:5      | XOM: 2-stop teleportation journey
  2645 | D:4      | XOM: smoke on damage
  2719 | D:4      | XOM: give mutation
  2719 | D:4      | Gained mutation: You have a pair of large horns on your
                  | head. [Xom's mischief]
  2860 | D:4      | XOM: cast spell 'Metabolic Englaciation'
  2861 | D:4      | Reached skill level 7 in Polearms
  3260 | D:4      | Found a staircase to the Ecumenical Temple.
  3415 | D:4      | Reached XP level 8. HP: 88/88 MP: 8/8
  3548 | D:4      | Reached skill level 8 in Polearms
  3789 | D:5      | Noticed Eustachio
  3823 | D:5      | Killed Eustachio
  3960 | D:5      | Reached skill level 9 in Polearms
  4101 | D:5      | Found a faded altar of an unknown god.
  4101 | D:5      | Found a faded altar of an unknown god.
  4103 | D:5      | Found a hazy altar of Hepliaklqana.
  4233 | D:5      | XOM: 2-stop teleportation journey
  4716 | D:6      | Reached skill level 10 in Polearms
  4798 | D:6      | Reached XP level 9. HP: 96/96 MP: 9/9
  4835 | D:6      | XOM: give mutations
  4835 | D:6      | Gained mutation: You are frail. (-10% HP) [Xom's mischief]
  4835 | D:6      | Gained mutation: You sometimes lose your temper in combat.
                  | [Xom's mischief]
  4835 | D:6      | Lost mutation: You are resistant to electric shocks.
                  | (rElec) [Xom's mischief]
  4835 | D:6      | Gained mutation: You passively dampen the noise of your
                  | surroundings. [Xom's mischief]
  4920 | D:6      | XOM: confusion
  4924 | D:6      | XOM: scenery: summon butterflies
  4928 | D:6      | XOM: butterfly on damage
  5070 | D:6      | Reached skill level 11 in Polearms
  5155 | D:6      | XOM: noise
  5195 | D:6      | Found a burning altar of Makhleb.
  5201 | D:6      | XOM: summons 3 hostile shadow creatures
  5438 | D:5      | XOM: give mutations
  5438 | D:5      | Lost mutation: You are frail. (-10% HP) [Xom's mischief]
  5438 | D:5      | Lost mutation: You have a pair of large horns on your head.
                  | [Xom's mischief]
  5443 | D:5      | Learned a level 3 spell: Summon Ice Beast
  5449 | D:5      | Learned a level 5 spell: Summon Mana Viper
  5601 | D:6      | XOM: god gift: scroll of noise
  5611 | D:7      | XOM: stealth player
  5682 | D:7      | XOM: fog
  5689 | D:7      | Reached skill level 1 in Spellcasting
  5742 | D:7      | XOM: cloud trail
  5806 | D:7      | XOM: god gift: 5 stones
  5814 | D:7      | XOM: scenery: create altars
  5830 | D:7      | XOM: cloud trail
  6358 | D:7      | Noticed Maggie
  6361 | D:7      | XOM: potion effect (magic)
  6365 | D:7      | XOM: confusion
  6365 | D:7      | XOM: smoke on damage
  6368 | D:7      | Killed Maggie
  6640 | D:7      | XOM: summons 2 hostile demons
  6665 | D:7      | XOM: silly message
  6669 | D:7      | XOM: noise
  6686 | D:7      | XOM: fake destruction
  7095 | D:7      | Reached skill level 5 in Spellcasting
  7150 | D:7      | XOM: draining
  7156 | D:7      | Reached skill level 12 in Polearms
  7238 | D:7      | XOM: give mutations
  7238 | D:7      | Lost mutation: You passively dampen the noise of your
                  | surroundings. [Xom's mischief]
  7238 | D:7      | Gained mutation: You have an uncontrollable temper. [Xom's
                  | mischief]
  7238 | D:7      | Lost mutation: Your mind is very acute. (Int +8, Str/Dex
                  | -2) [Xom's mischief]
  7238 | D:7      | Lost mutation: Your mind is acute. (Int +4, Str/Dex -1)
                  | [Xom's mischief]
  7386 | D:7      | Found a broken altar of Ashenzari.
  7395 | D:7      | XOM: 1-stop teleportation journey
  7449 | D:7      | XOM: give mutations
  7449 | D:7      | Gained mutation: You have very sharp teeth. [Xom's
                  | mischief]
  7449 | D:7      | Gained mutation: You are frail. (-10% HP) [Xom's mischief]
  7449 | D:7      | Gained mutation: Your muscles are strong. (Str +4, Int/Dex
                  | -1) [Xom's mischief]
  7489 | D:7      | Reached XP level 10. HP: 84/84 MP: 17/17
  7641 | D:7      | XOM: summons 6 hostile demons
  7642 | D:7      | Noticed a sixfirhy
  7647 | D:7      | XOM: smoke on damage
  7652 | D:7      | HP: 2/85 [sixfirhy[Xom] (3)]
  7688 | D:8      | XOM: noise
  7788 | D:8      | XOM: god gift: Xom's Vellum of Relativism {god gift}
  7789 | D:8      | Got Xom's Vellum of Relativism {god gift}
  7812 | D:8      | XOM: 1-stop teleportation journey
  7819 | D:8      | Learned a level 4 spell: Martyr's Knell
  7819 | D:8      | Noticed a nameless horror
  7824 | D:8      | XOM: blink monster(s)
  7831 | D:8      | XOM: summons friendly white imp
  7834 | D:8      | XOM: cast spell 'Summon Cactus Giant'
  7835 | D:8      | Killed a nameless horror
  7924 | D:8      | XOM: god gift: 26 gold pieces
  8232 | D:8      | XOM: scenery: summon butterflies
  8257 | D:8      | XOM: polymorph butterfly -> killer bee
  8323 | D:8      | XOM: give mutations
  8323 | D:8      | Lost mutation: You are frail. (-10% HP) [Xom's mischief]
  8323 | D:8      | Gained mutation: Your muscles are very strong. (Str +8,
                  | Int/Dex -2) [Xom's mischief]
  8323 | D:8      | Gained mutation: You are strong-willed. (Will+) [Xom's
                  | mischief]
  8323 | D:8      | Gained mutation: You occasionally lose the ability to drink
                  | potions when taking damage. [Xom's mischief]
  8514 | D:8      | Found a stormy altar of Qazlal.
  8565 | D:8      | XOM: give mutations
  8565 | D:8      | Gained mutation: You are covered in fur. (AC +1) [Xom's
                  | grace]
  8565 | D:8      | Gained mutation: You are partially covered in iridescent
                  | scales. (AC +2) [Xom's grace]
  9068 | D:9      | Noticed Grum
  9078 | D:9      | XOM: summons friendly white imp
  9079 | D:9      | XOM: god gift: gold wand {god gift}
  9113 | D:9      | Killed Grum
  9198 | D:9      | XOM: summons 2 hostile demons
  9247 | D:9      | XOM: give mutations
  9247 | D:9      | Lost mutation: You are strong-willed. (Will+) [Xom's
                  | mischief]
  9247 | D:9      | Lost mutation: You have very sharp teeth. [Xom's mischief]
  9247 | D:9      | Lost mutation: You occasionally lose the ability to drink
                  | potions when taking damage. [Xom's mischief]
  9422 | D:9      | XOM: enchant monster (good)
  9434 | D:9      | XOM: enchant monster (good)
  9445 | D:9      | Reached skill level 13 in Polearms
  9636 | D:9      | XOM: noise
  9741 | D:9      | XOM: summons friendly crimson imp
  9756 | D:9      | Noticed a nameless horror
  9756 | D:9      | XOM: enchant monster (bad)
  9766 | D:10     | Entered Level 10 of the Dungeon
  9770 | D:10     | XOM: scenery: create altars
  9774 | D:10     | XOM: give mutations
  9774 | D:10     | Gained mutation: You have large cloven feet. [Xom's grace]
  9774 | D:10     | Gained mutation: You have hidden genetic potential. [Xom's
                  | grace]
  9774 | D:10     | Lost mutation: You have hidden genetic potential. [Xom's
                  | grace]
  9774 | D:10     | Gained mutation: You are somewhat resistant to further
                  | mutation. [Xom's grace]
  9847 | D:10     | XOM: enchant monster (good)
  9949 | D:10     | Noticed Erica
  9952 | D:10     | XOM: potion effect (curing)
  9953 | D:10     | XOM: summons 3 hostile shadow creatures
  9954 | D:10     | Noticed a two-headed ogre
  9954 | D:10     | Noticed a two-headed ogre
  9954 | D:10     | XOM: 1-stop teleportation journey
  9957 | D:10     | Found a staircase to the Lair.
  9957 | D:10     | XOM: 1-stop teleportation journey
  9963 | D:10     | Reached XP level 11. HP: 111/111 MP: 23/23
  9978 | D:10     | XOM: swap monsters
  9987 | D:10     | Killed Erica
 10256 | D:10     | Found a staircase to the Orcish Mines.
 10266 | D:10     | Found a bloodstained altar of Trog.
 10266 | D:10     | Found a blossoming altar of Fedhas.
 10267 | D:10     | XOM: chaos upgrade
 10268 | D:10     | XOM: summons 4 hostile shadow creatures
 10271 | D:10     | XOM: noise
 10273 | D:10     | XOM: summons 1 hostile demon
 10292 | D:10     | XOM: give mutations
 10292 | D:10     | Lost mutation: You are covered in fur. (AC +1) [Xom's
                  | mischief]
 10292 | D:10     | Gained mutation: You occasionally lose the ability to drink
                  | potions when taking damage. [Xom's mischief]
 10292 | D:10     | Lost mutation: Your muscles are very strong. (Str +8,
                  | Int/Dex -2) [Xom's mischief]
 10292 | D:10     | Lost mutation: You are partially covered in iridescent
                  | scales. (AC +2) [Xom's mischief]
 10298 | D:10     | Reached skill level 14 in Polearms
 10299 | D:10     | Killed from afar by an orc priest

Illustrated notes

Levels and vault maps discovered:
D:1:      denvon_arrival_planthouse, layout_loops_ring, columned_hall_lemuel
D:2:      layout_loops_cross, serial_shops, nicolae_shop_pleasant_corner_grove,
          minivault_5, due_unseen_surprise, uniq_sigmund
D:3:      layout_rooms, gammafunk_temple_overflow_statue,
          mainiacjoe_overflow_six_doors_small, uniq_crazy_yiuf_cottage,
          uniq_pargi, uniq_robin, uniq_terence
D:4:      layout_cave_pods, minmay_temple_entry_from_below_a,
          guppyfry_early_orc_mine
D:5:      layout_loops_ring, nicolae_hepliaklqana_ecumenical_no_more,
          hangedman_minor_gate_pass, uniq_eustachio
D:6:      layout_layer_cave, mainiacjoe_overflow_brackets
D:7:      kennysheep_seaside_town, layout_loops_cross,
          nicolae_overflow_hidden_temple, uniq_maggie
D:8:      layout_cave_pods, kennysheep_mini_moat
D:9:      cheibrodos_histonic, layout_grid_maze, uniq_grum, uniq_pikel
D:10:     layout_loops_cross, marbit_many_paths,
          chequers_temple_overflow_statue_of_worship,
          due_lair_maze_entry_diamond, minmay_orc_entry_guard_dogs, uniq_erica

Skill      XL: |  1  2  3  4  5  6  7  8  9 10 11 |
---------------+----------------------------------+-----
Fighting       | 7 |  7.9
Polearms       | 4 5 7 10 12 13 14 | 14.0
Spellcasting   | 5 8 9 |  9.7
Dodging        | |  2.1

Action                     |  1- 3 |  4- 6 |  7- 9 | 10-12 || total
---------------------------+-------+-------+-------+-------++-------
  Melee: Spear             |    63 |       |       |       ||    63
         Headbutt          |     2 |     6 |    31 |    24 ||    63
         Halberd           |       |    80 |   302 |   161 ||   543
         Kick              |       |       |       |    11 ||    11
         Bite              |       |       |       |     2 ||     2
  Throw: Throwing net      |       |       |       |     1 ||     1
   Cast: Summon Ice Beast  |       |       |       |    22 ||    22
  Evoke: Condenser vane    |       |       |       |     2 ||     2
         Wand              |       |       |       |     6 ||     6
    Use: Potion            |     8 |       |     9 |     8 ||    25
         Scroll            |     3 |     3 |     5 |     5 ||    16
   Stab: Invisible         |       |       |       |     1 ||     1
         Petrified         |       |       |       |     1 ||     1
         Paralysed         |       |       |       |     1 ||     1
 Armour: Robe              |    10 |    41 |   188 |       ||   239
         Skin              |    14 |       |       |   105 ||   119
         Acid dragon scale |       |       |    44 |   158 ||   202
  Dodge: Dodged            |    10 |    27 |   139 |    79 ||   255
